 Dungeon Crawl Stone Soup version 0.27-a0-1277-g3808f8b1c9 (webtiles) character file.

Game seed: 13110072199394168476

27 Feb132020 the Magician (level 2, 6/15 HPs)
             Began as a Deep Elf Earth Elementalist on June 12, 2021.
             Was a Follower of Wu Jian.
             Quit the game on level 1 of the Dungeon.
             The game lasted 00:03:34 (915 turns).

Feb132020 the Magician (Deep Elf Earth Elementalist) Turns: 915, Time: 00:03:35

Health: 6/15       AC:  2    Str:  5    XL:     2   Next: 93%
Magic:  7/9        EV: 12    Int: 19    God:    Wu Jian [*.....]
Gold:   34         SH:  0    Dex: 15    Spells: 6/9 levels left

rFire    . . .     SeeInvis .   e - +0 dagger
rCold    . . .     Faith    .   (no shield)
rNeg     . . .     Spirit   .   c - +0 robe
rPois    .         Reflect  .   (no helmet)
rElec    .         Harm     .   (no cloak)
rCorr    .         Rampage  .   (no gloves)
Will     .....                  (no boots)
Stlth    ++........             (no amulet)
HPRegen  0.05/turn              (no ring)
MPRegen  0.11/turn              (no ring)

@: no status effects
A: no striking features
a: Renounce Religion


You were on level 1 of the Dungeon.
You worshipped Wu Jian.
Wu Jian was aware of your devotion.
You visited 1 branch of the dungeon, and saw 2 of its levels.

You collected 34 gold pieces.

Inventory:

Hand Weapons
 e - a +0 dagger (weapon)
Missiles
 b - 53 stones
Armour
 c - a +0 robe (worn)
Scrolls
 a - a scroll of identify {unknown}
 f - a scroll of silence {unknown}
Potions
 d - 2 potions of attraction {unknown}


   Skills:
 + Level 2.4 Dodging
 + Level 2.4 Stealth
 + Level 4.4 Spellcasting
 + Level 1.1 Transmutations
 + Level 3.7 Earth Magic


You had 6 spell levels left.
You knew the following spells:

 Your Spells              Type           Power      Damage    Failure   Level
a - Sandblast             Erth           36%        2d10      3%          1
p - Passwall              Tmut/Erth      10%        N/A       8%          2

Your spell library contained the following spells:

 Spells                   Type           Power      Damage    Failure   Level
 Stone Arrow              Conj/Erth      22%        3d8       19%         3
 Petrify                  Tmut/Erth      13%        N/A       43%         4
 Lee's Rapid Deconstruct  Erth           9%         3d8*      63%         5


Dungeon Overview and Level Annotations

Branches:
Dungeon (2/15)

Altars:
Wu Jian


Message History

(D) Dungeon
Where to? (? - help)
Okay, then.
A kobold comes into view. It is wielding a +0 dagger.
The kobold shouts!
You lunge at the kobold.
You closely miss the kobold. The kobold hits you with a +0 dagger.
A jackal comes into view.
You are too injured to fight recklessly!
There is an escape hatch in the ceiling here.
The kobold misses you. A mysterious force pulls you upwards.
The hatch slams shut behind you.
The kobold shouts!
Unknown command.
Unknown command.
Unknown command.
Casting: Sandblast (safe; 3% risk of failure)
Confirm with . or Enter, or press ? or * to list all spells.
Aiming: Sandblast (safe; 3% risk of failure)
Press: ? - help, Shift-Dir - straight line, f - kobold
Aim: a kobold, wielding a +0 dagger (74% to hit)
The blast of sand hits the kobold.
You kill the kobold!
The Council accepts your kill.
You are too injured to fight recklessly!
The kobold throws a stone.
The stone barely misses you.
The kobold throws a stone.
The stone hits you but does no damage.
The kobold throws a stone.
The stone closely misses you.
Unknown command.
Unknown command.
Unknown command.
Casting: Sandblast (safe; 3% risk of failure)
Confirm with . or Enter, or press ? or * to list all spells.
Aiming: Sandblast (safe; 3% risk of failure)
Press: ? - help, Shift-Dir - straight line, f - kobold
Aim: a kobold, wielding a +0 short sword and quivering stones (74% to hit)
The blast of sand hits the kobold!
You kill the kobold!
The Council accepts your kill.
Are you sure you want to abandon this character and quit the game? (Confirm with "yes".)

# #. .####. ......##########
...............#
...............# #)..@..)..#
.................
#.####.........##
###########
#.###############
#...............#
########.......#.# #.#
########.......#.#########.#
'..........................#


There were no monsters in sight!

Vanquished Creatures
  An adder (D:2)
  A dart slug (D:2)
  A bat (D:1)
  An endoplasm (D:2)
  3 giant cockroaches
  2 hobgoblins (D:1)
  3 kobolds
  A goblin (D:2)
  2 rats
15 creatures vanquished.

Notes
Turn   | Place    | Note
-------+----------+-------------------------------------------
     0 | D:1      | Feb132020 the Deep Elf Earth Elementalist began the quest
                  | for the Orb.
     0 | D:1      | Reached XP level 1. HP: 10/10 MP: 6/6
   362 | D:1      | You fall into a shaft and drop 1 floor!
   369 | D:2      | Reached XP level 2. HP: 13/15 MP: 4/8
   372 | D:2      | Learned a level 2 spell: Passwall
   715 | D:2      | Found a faded altar of an unknown god.
   756 | D:2      | Became a worshipper of the Wu Jian Council
   756 | D:2      | Reached * piety under Wu Jian
   809 | D:2      | Reached skill level 4 in Spellcasting
   915 | D:1      | Quit the game

Illustrated notes

Levels and vault maps discovered:
D:1:      dpeg_arrival_tiny_i, layout_basic
D:2:      layout_loops_ring, shapermc_ecumenical_altar_venn

Skill      XL: |  1  2 |
---------------+-------+-----
Spellcasting   | 4 |  4.4
Dodging        | |  2.4
Stealth        | |  2.4
Transmutations | |  1.1
Earth Magic    | |  3.7

Action                   || total
-------------------------++-------
Melee: Unarmed           ||     1
       Dagger            ||    22
 Cast: Sandblast         ||    20
Invok: Lunge             ||     1
Armor: Robe              ||     7
Dodge: Dodged            ||    20

Table legend: (Time is in decaauts)
 A = Elapsed time spent in this place.
 B = Non-inter-level travel time spent in this place.
 C = Inter-level travel time spent in this place.
 D = Time resting spent in this place.
 E = Time spent auto-exploring this place.
 F = Levels seen in this place.
 G = Mean time per level.
                   A        B        C        D        E       F      G
               +--------+--------+--------+--------+--------+-----+--------+
         Total |    914 |    911 |      3 |      3 |    740 |   2 |  457.0 |
       Dungeon |    914 |    911 |      3 |      3 |    740 |   2 |  457.0 |
               +--------+--------+--------+--------+--------+-----+--------+

Top non-repeatable levels by time:
     D:2: 546 daAuts
     D:1: 368 daAuts
